 Dungeon Crawl Stone Soup version 0.28.0-1-gb440e238dd (webtiles) character file.

Game seed: 10975478291290643821

52 Quonyon the Chopper (level 3, -3/51 HPs)
             Began as a Minotaur Berserker on Feb 20, 2022.
             Was a Follower of Trog.
             Slain by a gnoll (7 damage)
             ... on level 2 of the Dungeon.
             The game lasted 00:01:51 (1084 turns).

Quonyon the Chopper (Minotaur Berserker)            Turns: 1084, Time: 00:01:51

Health: -3/51      AC:  2    Str: 23    XL:     3   Next: 60%
Magic:  2/2        EV: 12    Int:  4    God:    Trog [*.....]
Gold:   62         SH:  0    Dex:  9    Spells: 2/2 levels left

rFire   . . .      SeeInvis .   a - +0 hand axe
rCold   . . .      Faith    .   (no shield)
rNeg    . . .      Spirit   .   b - +0 animal skin
rPois   .          Reflect  .   (helmet restricted)
rElec   .          Harm     .   (no cloak)
rCorr   .          Rampage  .   (no gloves)
Will    .....                   (no boots)
Stlth   ..........              (no amulet)
HPRegen 0.17/turn               (no ring)
MPRegen 0.08/turn               (no ring)

@: berserking, very quick
A: horns 2, retaliatory headbutt
a: Renounce Religion, Berserk


You were on level 2 of the Dungeon.
You worshipped Trog.
Trog was aware of your devotion.
You visited 1 branch of the dungeon, and saw 2 of its levels.

You collected 62 gold pieces.

Inventory:

Hand Weapons
 a - a +0 hand axe (weapon)
Armour
 b - a +0 animal skin (worn)
Scrolls
 c - a scroll of magic mapping {unknown}
 e - 2 scrolls of vulnerability {unknown}
Potions
 d - a potion of resistance {unknown}


   Skills:
 + Level 4.4 Fighting
 + Level 4.5 Axes
 + Level 2.7 Armour
 + Level 2.6 Dodging
 + Level 0.1 Stealth


You had 2 spell levels left.
You didn't know any spells.
Your spell library was empty.

Dungeon Overview and Level Annotations

Branches:
Dungeon (2/15)

Altars:


Innate Abilities, Weirdness & Mutations

You have a pair of horns on your head.
You reflexively headbutt those who attack you in melee.


Message History

The goblin hits you with a +0 dagger.
You closely miss the goblin. The goblin hits you with a +0 dagger.
You completely miss the goblin.
A gnoll comes into view. It is wielding a +0 whip.
The goblin hits you with a +0 dagger.
You closely miss the goblin. You barely miss the gnoll.
The goblin hits you with a +0 dagger. The gnoll hits you with a +0 flail.
You hit the goblin.
The goblin is moderately wounded.
You barely miss the gnoll. The goblin hits you with a +0 dagger.
The gnoll closely misses you.
You closely miss the goblin.
The goblin is moderately wounded.
You hit the gnoll. The goblin closely misses you.
You fail to use your ability.
The goblin hits you but does no damage. The gnoll misses you.
You furiously retaliate!
You headbutt the gnoll, but do no damage.
You slash the goblin!
You kill the goblin!
Trog accepts your kill.
You hit the gnoll but do no damage. The gnoll hits you with a +0 whip!
* * * LOW HITPOINT WARNING * * *
A red film seems to cover your vision as you go berserk!
You feel yourself moving faster!
You feel mighty! The gnoll hits you with a +0 flail!
* * * LOW HITPOINT WARNING * * *
The gnoll barely misses you.
You slash the gnoll!
You kill the gnoll!
Trog accepts your kill.
You slash the gnoll! x2; The gnoll closely misses you.
You furiously retaliate!
You headbutt the gnoll.
You kill the gnoll!
Trog accepts your kill. The gnoll barely misses you.
Items here: ! ( )) ? [ †.
You barely miss the gnoll.
The gnoll is severely wounded.
The gnoll hits you with a +0 whip!
You die...

#######.#..#
#.# #....#.#
#....# #.#
###### ###.##
#.# #.# #.#
###.### #.#
#.....# #.#
#.....+ ..#
#.....#
#....@#
#...)g.......
##...........
#...........
#....!......
#...........
#...........
#########...


You could see a gnoll.

Vanquished Creatures
  3 gnolls
  3 dart slugs
  A ball python (D:1)
  2 endoplasms
  A giant cockroach (D:2)
  2 goblins
  2 jackals (D:2)
  A bat (D:1)
  A kobold (D:1)
  2 rats
18 creatures vanquished.

Notes
Turn   | Place    | Note
-------+----------+-------------------------------------------
     0 | D:1      | Quonyon the Minotaur Berserker began the quest for the Orb.
     0 | D:1      | Reached XP level 1. HP: 19/19 MP: 0/0
   379 | D:1      | Reached XP level 2. HP: 12/27 MP: 1/1
   967 | D:2      | Reached XP level 3. HP: 33/33 MP: 2/2
  1084 | D:2      | Slain by a gnoll

Illustrated notes

Levels and vault maps discovered:
D:1:      mrwooster_arrival_arrow, layout_loops_ring
D:2:      layout_basic, chequers_ecumenical_altar_island,
          chequers_decorated_corner

Skill      XL: |  1 |
---------------+----+-----
Fighting       | 4 |  4.4
Axes           | 4 |  4.5
Armour         | |  2.7
Dodging        | |  2.6
Stealth        | |  0.1

Action                   || total
-------------------------++-------
Melee: Hand axe          ||    26
       Headbutt          ||     2
Invok: Berserk           ||     3
Armor: Animal skin       ||     4
Dodge: Dodged            ||    22
